 Dungeon Crawl Stone Soup version 0.29-a0-802-g34511f41fd (webtiles) character file.

Game seed: 14780187288580773175

3747 avis the Skirmisher (level 9, -4/74 HPs)
             Began as a Demigod Ice Elementalist on July 3, 2022.
             Killed from afar by a hell hog (12 damage)
             ... with a fireball
             ... on level 2 of the Abyss on July 4, 2022.
             The game lasted 01:09:12 (10649 turns).

avis the Skirmisher (Demigod Ice Elementalist)     Turns: 10649, Time: 01:09:12

Health: -4/74      AC: 18    Str:  9    XL:     9   Next: 62%
Magic:  8/16       EV: 11    Int: 17    God:
Gold:   485        SH:  5    Dex: 28    Spells: 7/14 levels left

rFire   + . .      SeeInvis .   b - +2 dagger (protect)
rCold   + . .      Faith    .   (no shield)
rNeg    + . .      Spirit   .   i - +0 swamp dragon scales
rPois   +          Reflect  +   L - +2 helmet
rElec   .          Harm     .   K - scarf {rC+ rF+}
rCorr   .          Rampage  .   (no gloves)
Will    .....                   z - +0 pair of boots
Stlth   ++........              C - amulet "Zihiac" {Reflect Regen+ Dex+2 SH+5}
HPRegen 1.02/turn               I - ring of positive energy
MPRegen 0.15/turn               (no ring)

@: under a protective aura
A: high MP 1, forlorn, divine attributes
a: no special abilities


You were on level 2 of the Abyss.
You visited 2 branches of the dungeon, and saw 10 of its levels.
You visited the Abyss 1 time.
You also visited: Sewer.

You collected 485 gold pieces.

Inventory:

Hand Weapons
 a - a +0 shortbow
 b - a +2 dagger of protection (weapon)
 w - a +1 dagger of venom
 H - a +3 vorpal flail
 Q - a +0 sling
Missiles
 f - 21 poisoned darts
 p - 11 curare-tipped darts
 u - 3 javelins
 N - 2 boomerangs
Armour
 d - a +0 robe
 i - +0 swamp dragon scales (worn)
 k - a +0 buckler
 t - a +0 cloak
 z - a +0 pair of boots (worn)
 K - a scarf of resistance (worn)
 L - a +2 helmet (worn)
Jewellery
 r - a ring of protection from cold
 C - the amulet "Zihiac" (around neck) {Reflect Regen+ Dex+2 SH+5}
   (You found it on level 4 of the Dungeon)

   [amulet of reflection]

   It reflects blocked missile attacks.
   Dex:       It affects your dexterity (+2).
   Regen:     It increases your rate of health regeneration.
   SH:        It affects your SH (+5).
 I - a ring of positive energy (left hand)
Wands
 e - a wand of polymorph (2)
 E - a wand of flame (50)
Scrolls
 c - a scroll of noise {unknown}
 h - a scroll of fear {unknown}
 n - a scroll of magic mapping {unknown}
 q - 2 scrolls of brand weapon {unknown}
 s - 2 scrolls of immolation {unknown}
 v - 2 scrolls of teleportation {unknown}
 y - 3 scrolls of fog
 D - a scroll of poison {unknown}
 F - 2 scrolls of enchant armour {unknown}
 G - a scroll of silence {unknown}
 O - 2 scrolls of identify
 P - a scroll of vulnerability
Potions
 g - a potion of cancellation
 j - a potion of invisibility
 l - 2 potions of lignification
 m - 6 potions of flight
 o - a potion of mutation
 x - 4 potions of magic
 A - a potion of haste {unknown}
 B - 3 potions of heal wounds
 J - 3 potions of attraction
 M - a potion of brilliance {unknown}


   Skills:
 * Level 5.2 Fighting
 - Level 10.0 Ranged Weapons
 - Level 1.7 Dodging
 - Level 1.7 Stealth
 - Level 3.0 Spellcasting
 - Level 7.0 Ice Magic


You had 7 spell levels left.
You knew the following spells:

 Your Spells              Type           Power      Damage    Failure   Level
a - Freeze                Ice            100%       1d11      2%          1
o - Ozocubu's Armour      Ice            26%        N/A       9%          3
r - Frozen Ramparts       Ice            52%        1d7       9%          3

Your spell library contained the following spells:

 Spells                   Type           Power      Damage    Failure   Level
 Ensorcelled Hibernation  Hex/Ice        28%        N/A       17%         2
 Foxfire                  Conj/Fire      8%         2x1d4     43%         1
 Passwall                 Tmut/Erth      1%         N/A       58%         2
 Hailstorm                Conj/Ice       14%        3d5       75%         4
 Conjure Flame            Conj/Fire      2%         6-21      82%         3
 Ignite Poison            Fire/Tmut/Pois 2%         N/A       82%         3
 Inner Flame              Hex/Fire       2%         N/A       82%         3
 Spider Form              Tmut/Pois      2%         N/A       82%         3
 Stone Arrow              Conj/Erth      4%         3d7       82%         3
 Anguish                  Hex/Necr       1%         N/A       99%         4
 Flame Wave               Conj/Fire      2%         2d4       99%         4
 Fulminant Prism          Conj/Hex       1%         3d6       99%         4
 Iskenderun's Mystic Bla  Conj/Tloc      2%         2d3       99%         4
 Fireball                 Conj/Fire      1%         3d3       100%        5
 Lee's Rapid Deconstruct  Erth           1%         3d5*      100%        5
 Conjure Ball Lightning   Conj/Air       1%         3x3d6     100%        6
 Iron Shot                Conj/Erth      1%         9d1       100%        6
 Statue Form              Tmut/Erth      1%         N/A       100%        6
 Storm Form               Tmut/Air       1%         N/A       100%        7
 Shatter                  Erth           1%         3d5*      100%        9


Dungeon Overview and Level Annotations

Branches:
Dungeon (9/15)             Temple (1/1) D:6           Sewer (visited)
   Lair: D:8-11         Orc: D:9-12

Shops:
D:7 *

Portals:
Abyss: D:4

Annotations:
D:4 2 transporters, nxtlvl's ghost, amateur NaGl
D:9 Erolcha


Innate Abilities, Weirdness & Mutations

You have an increased reservoir of magic. (+10% MP)
You shall have no god before yourself.
Your divine heritage dramatically boosts your attributes as you level up.


Message History

Your icy armour melts away.
You resist.
The fireball engulfs the hell hog.
The hell hog completely resists.
A hell hog comes into view.
You hear an angry squeal.
You hear a shout!
You closely miss the hell hog.
The hell hog is severely wounded.
The hell hog bites you! The hell hog breathes fire at you.
The fireball explodes!
The fireball engulfs the hell hog.
The hell hog completely resists.
The fireball engulfs you! You resist.
The hell hog bites you but does no damage.
You hear a shout!
Casting: Freeze (safe; 2% risk of failure)
Confirm with . or Enter, or press ? or * to list all spells.
Aiming: Freeze (safe; 2% risk of failure)
Press: ? - help, Shift-Dir - straight line, f/p - hell hog
Aim: a hell hog (severely wounded, catching its breath)
You freeze the hell hog!
The hell hog is almost dead.
A balrug comes into view.
It is wielding a +2 demon whip of flaming.
The hell hog bites you.
Casting: Freeze (safe; 2% risk of failure)
Confirm with . or Enter, or press ? or * to list all spells.
Aiming: Freeze (safe; 2% risk of failure)
Press: ? - help, Shift-Dir - straight line, f/p - hell hog
Aim: a hell hog (almost dead)
You freeze the hell hog!
The hell hog is almost dead.
The hell hog bites you.
* * * LOW HITPOINT WARNING * * *
You hit the hell hog.
Your weapon exudes an aura of protection.
The hell hog is almost dead.
The hell hog breathes fire at you.
The fireball explodes!
The fireball engulfs the hell hog.
The hell hog completely resists.
The fireball engulfs you! You resist.
* * * LOW HITPOINT WARNING * * *
The hell hog breathes fire at you.
The fireball explodes!
The fireball engulfs you! You resist.
You die...

.. . # . .... ...
. . . # . # .. .#.
.## ... .# ... #.#
... .#.#.# # ..
......#
.#..#∩#####......#
...2h..h@......#..
#.#...#######.∩##
##.. . .... .# h.#
.## .. . # # .. #
..#.


You could see a balrug and 2 hell hogs.

Vanquished Creatures
  Pikel (D:6)
  A smoke demon (Abyss:2)
  Maggie (D:7)
  Grinder (D:2)
  Sigmund (D:2)
  A wyvern (D:7)
  Menkaure (D:7)
  A water moccasin (D:8)
  3 orc warriors
  4 black bears
  A phantom (D:5)
  A kobold brigand (Sewer)
  A necrophage (D:6)
  A bullfrog (D:7)
  2 scorpions
  2 howler monkeys
  3 hounds
  3 jellies
  2 iguanas
  Ijyb (D:3)
  A gnoll bouda (D:7)
  2 orc wizards (D:3)
  9 adders
  24 gnolls
  2 river rats (Sewer)
  A shadow imp (D:3)
  An ufetubus (D:6)
  A worm (D:3)
  3 dart slugs
  16 orcs
  13 endoplasms
  3 giant cockroaches
  33 goblins
  28 hobgoblins
  7 jackals
  4 quokkas (D:2)
  8 ball pythons
  2 bats
  6 frilled lizards
  16 kobolds
  11 rats
223 creatures vanquished.

Vanquished Creatures (others)
  A plant (D:5)
1 creature vanquished.

Grand Total: 224 creatures vanquished

Notes
Turn   | Place    | Note
-------+----------+-------------------------------------------
     0 | D:1      | avis the Demigod Ice Elementalist began the quest for the
                  | Orb.
     0 | D:1      | Reached XP level 1. HP: 14/14 MP: 5/5
   141 | D:1      | Reached skill level 1 in Fighting
   399 | D:1      | Reached XP level 2. HP: 23/23 MP: 7/7
  1215 | D:2      | Noticed Sigmund
  1380 | D:2      | Reached XP level 3. HP: 29/29 MP: 6/8
  1391 | D:2      | Reached skill level 1 in Ranged Weapons
  1650 | D:2      | Learned a level 3 spell: Ozocubu's Armour
  1931 | D:2      | Reached skill level 2 in Ranged Weapons
  1931 | D:2      | Reached XP level 4. HP: 36/36 MP: 9/9
  2257 | D:3      | Noticed Grinder
  2374 | D:3      | Found a glowing drain.
  2389 | Sewer    | Entered a sewer
  2649 | Sewer    | Noticed a kobold brigand
  2658 | Sewer    | Killed a kobold brigand
  2659 | Sewer    | Reached XP level 5. HP: 32/44 MP: 2/12
  3299 | D:3      | Noticed Ijyb
  3299 | D:3      | Paralysed by Ijyb for 5 turns
  3314 | D:3      | Killed Ijyb
  3645 | D:4      | Reached XP level 6. HP: 48/51 MP: 6/13
  3750 | D:4      | Reached skill level 5 in Ice Magic
  4359 | D:4      | Reached skill level 3 in Ranged Weapons
  4789 | D:4      | Found a transporter.
  4802 | D:4      | Identified the amulet "Zihiac" {Reflect Regen+ Dex+2 SH+5}
  4836 | D:4      | Learned a level 3 spell: Frozen Ramparts
  4903 | D:4      | Noticed nxtlvl's ghost (amateur NaGl)
  4911 | D:4      | Found a one-way gate to the infinite horrors of the Abyss.
  4926 | D:4      | Found a transporter.
  5544 | D:4      | Reached skill level 4 in Ranged Weapons
  5743 | D:5      | Entered Level 5 of the Dungeon
  5769 | D:5      | Reached XP level 7. HP: 51/57 MP: 6/14
  6166 | D:5      | Identified the +1 leather armour of Ahamast {rPois Dex+3
                  | Slay-4}
  6288 | D:5      | Noticed a spectral centipede
  6288 | D:5      | Noticed a spectral black mamba
  6498 | D:5      | Reached skill level 5 in Ranged Weapons
  6791 | D:2      | Killed Sigmund
  6792 | D:2      | Reached skill level 6 in Ranged Weapons
  7003 | D:2      | Killed Grinder
  7004 | D:2      | Reached XP level 8. HP: 63/63 MP: 15/15
  7382 | D:6      | Found a staircase to the Ecumenical Temple.
  7762 | D:6      | Noticed Pikel
  7789 | D:6      | Killed Pikel
  7790 | D:6      | Reached skill level 7 in Ranged Weapons
  8294 | Temple   | Entered the Ecumenical Temple
  8329 | D:7      | Noticed Maggie
  8379 | D:7      | Killed Maggie
  8380 | D:7      | Reached skill level 8 in Ranged Weapons
  8380 | D:7      | Reached XP level 9. HP: 63/72 MP: 8/16
  8655 | D:7      | Got Sif Muna's Guide on Clay
  8758 | D:7      | Reached skill level 5 in Fighting
  8759 | D:7      | Got the Collected Works on Floating Moulding
  9092 | D:7      | Noticed Menkaure
  9106 | D:7      | Killed Menkaure
  9163 | D:7      | Found Cautojig's Assorted Antiques.
  9192 | D:7      | Reached skill level 9 in Ranged Weapons
 10484 | D:9      | Got the Reference Book on Igneous Clay
 10487 | D:9      | Noticed Erolcha
 10581 | Abyss:2  | Cast into level 2 of the Abyss (Erolcha)
 10610 | Abyss:2  | Noticed a smoke demon
 10614 | Abyss:2  | Noticed a hell hog
 10619 | Abyss:2  | Noticed a tentacled starspawn
 10631 | Abyss:2  | Killed a smoke demon
 10632 | Abyss:2  | Reached skill level 10 in Ranged Weapons
 10636 | Abyss:2  | Noticed a hell hog
 10645 | Abyss:2  | Noticed a hell hog
 10647 | Abyss:2  | Noticed a balrug
 10649 | Abyss:2  | Killed from afar by a hell hog

Illustrated notes

Levels and vault maps discovered:
D:1:      amcnicky_arrival_flooded_fountain, layout_loops_cross
D:2:      layout_loops_corners, dreamdust_ecumenical_altar_angels_and_demons,
          minmay_unequal, uniq_sigmund
D:3:      layout_rooms, cheibrodos_sewer_entry_drain, corexii_hall_statues_i,
          uniq_grinder, uniq_ijyb
D:4:      minmay_goblin_kobold_castle, layout_loops_ring,
          gammafunk_ghost_abyssal_escape, st_stairs_12, grunt_decor_cap,
          dk_noncrumbling_3
D:5:      layout_basic, gammafunk_temple_overflow_statue,
          lemuel_coloured_pillars_altar, pdpol_wu_jian_five_deadly_venoms,
          nicolae_elyvilon_temple_path, minmay_crystal_water
D:6:      layout_gridville, nicolae_overflow_crystal_walls, temple_pool_b,
          hangedman_decor_lopped, kennysheep_diamond, uniq_pikel
D:7:      layout_gridville, bloody_makhleb, serial_shops, nicolae_shop_stone,
          chequers_serial_rivers_small_3, uniq_maggie, uniq_menkaure
D:8:      layout_loops_ring
D:9:      layout_loops_ring, nicolae_overflow_two_pavilions, serial_aquarium,
          aquarium_bridge_square [aquarium_subvault_bridge,
          aquarium_subvault_bridge, aquarium_subvault_bridge,
          aquarium_subvault_bridge], aquarium_window_corner, aquarium_window_2,
          aquarium_view_2b, aquarium_view_2b, nicolae_figureground_sparkle,
          uniq_erolcha
Temple:   compressed_dpeg_triangle_lava_temple
Abyss:2:  base:
D:6

Skill      XL: |  1  2  3  4  5  6  7  8  9 |
---------------+----------------------------+-----
Fighting       | 1 2 3 4 5 |  5.2
Spellcasting   | 2 3 |  3.0
Ice Magic      | 4 5 6 7 |  7.0
Ranged Weapons | 2 4 6 8 10 | 10.0
Dodging        | |  1.7
Stealth        | |  1.7

Action                   |  1- 3 |  4- 6 |  7- 9 || total
-------------------------+-------+-------+-------++-------
Melee: Dagger            |       |    66 |   124 ||   190
       Punch             |       |     1 |     4 ||     5
       Unarmed           |       |       |    31 ||    31
 Fire: Sling             |    63 |   261 |   144 ||   468
       Shortbow          |       |       |    38 ||    38
 Cast: Freeze            |    36 |    58 |    81 ||   175
       Ozocubu's Armour  |       |    22 |    26 ||    48
  Use: Potion            |       |     1 |     1 ||     2
       Scroll            |       |       |     7 ||     7
 Stab: Sleeping          |       |       |     1 ||     1
Armor: Robe              |     4 |   107 |    53 ||   164
       Skin              |       |       |     2 ||     2
       Swamp dragon scal |       |       |    53 ||    53
Dodge: Dodged            |    13 |   209 |   167 ||   389
Block: Other             |       |    92 |    57 ||   149
       Reflection        |       |    13 |       ||    13

Table legend: (Time is in decaauts)
 A = Elapsed time spent in this place.
 B = Non-inter-level travel time spent in this place.
 C = Inter-level travel time spent in this place.
 D = Time resting spent in this place.
 E = Time spent auto-exploring this place.
 F = Levels seen in this place.
 G = Mean time per level.
                   A        B        C        D        E       F      G
               +--------+--------+--------+--------+--------+-----+--------+
         Total |  10780 |   9415 |   1365 |   2360 |   4530 |  12 |  898.3 |
       Dungeon |  10249 |   8884 |   1365 |   2052 |   4530 |   9 | 1138.8 |
        Temple |     15 |     15 |      0 |      0 |      0 |   1 |   15.0 |
         Abyss |     67 |     67 |      0 |     27 |      0 |   1 |   67.0 |
         Sewer |    448 |    448 |      0 |    281 |      0 |   1 |  448.0 |
               +--------+--------+--------+--------+--------+-----+--------+

Top non-repeatable levels by time:
     D:4: 2035 daAuts
     D:2: 1618 daAuts
     D:7: 1353 daAuts
     D:3: 1163 daAuts
     D:6: 1109 daAuts
     D:5: 1101 daAuts
     D:1: 1041 daAuts
     D:8: 768 daAuts
   Sewer: 448 daAuts
 Abyss:2: 67 daAuts
     D:9: 58 daAuts
  Temple: 15 daAuts
